 Dungeon Crawl Stone Soup version 0.20.0-10-g0535bb4 (webtiles) character file.

529 poirepourri the Chopper (level 7, -1/61 HPs)
             Began as a Minotaur Fighter on June 6, 2017.
             Was an Initiate of Makhleb.
             Slain by Prince Ribbit (16 damage)
             ... on level 5 of the Dungeon.
             The game lasted 00:04:31 (4875 turns).

poirepourri the Chopper (Minotaur Fighter)          Turns: 4875, Time: 00:04:32

Health: -1/61      AC:  9    Str: 27    XL:     7   Next: 3%
Magic:  6/6        EV:  7    Int:  5    God:    Makhleb [......]
Gold:   282        SH: 12    Dex: 10    Spells: 6/6 levels left

rFire    . . .     SeeInvis .   a - +0 war axe
rCold    . . .     Gourm    .   c - +1 shield
rNeg     . . .     Faith    .   j - +0 chain mail
rPois    .         Spirit   .   (helmet restricted)
rElec    .         Reflect  .   (no cloak)
rCorr    .         Harm     .   (no gloves)
MR       .....                  (no boots)
Stlth    ..........             n - amulet of rage
Regen    0.2/turn               p - ring of stealth
MPRegen  0.1/turn               (no ring)

@: mighty, lethally poisoned (-1 -> -15), invisible
A: retaliatory headbutt, horns 2
a: Renounce Religion, Evoke Berserk Rage


You were on level 5 of the Dungeon.
You worshipped Makhleb.
Makhleb was noncommittal.
You were not hungry.

You visited 2 branches of the dungeon, and saw 6 of its levels.

You collected 282 gold pieces.

Inventory:

Hand Weapons
 a - a +0 war axe (weapon)
Missiles
 g - 38 bolts
 r - 3 javelins (quivered)
Armour
 c - a +1 shield (worn)
 j - a +0 chain mail (worn)
 w - the +2 ring mail of Springtime {rPois Dex+3 Stlth+, unknown}
   (You found it on level 4 of the Dungeon)

   It affects your dexterity (+3).
   It protects you from poison.
   It makes you more stealthy.
Jewellery
 n - an amulet of rage (around neck)
 p - a ring of stealth (left hand)
 B - an uncursed ring of resist corrosion {unknown}
Wands
 i - a wand of polymorph (10/24)
 s - a wand of flame (33/48)
Scrolls
 l - 2 scrolls of remove curse
 v - a scroll of amnesia
 y - a scroll of teleportation
Potions
 b - a potion of ambrosia {unknown}
 e - a potion of magic {unknown}
 h - 2 potions of haste
 o - a potion of degeneration {unknown}
 q - a potion of brilliance {unknown}
 t - a potion of cancellation {unknown}
 u - a potion of berserk rage {unknown}
 z - a potion of curing {unknown}
Books
 m - a book of Maledictions

   Spells                             Type                      Level
   a - Corona                         Hexes                        1
   b - Ensorcelled Hibernation        Hexes/Ice                    2
   c - Confuse                        Hexes                        3
   d - Tukima's Dance                 Hexes                        3
   e - Dazzling Spray                 Conjuration/Hexes            3
Comestibles
 f - 3 bread rations
 k - a royal jelly
 A - a meat ration


   Skills:
 + Level 5.1 Fighting
 + Level 6.8 Axes
 - Level 3.6 Armour
 + Level 1.3 Dodging
 + Level 5.8 Shields


You had 6 spell levels left.
You didn't know any spells.

Dungeon Overview and Level Annotations

Branches:
Dungeon (5/15)             Temple (1/1) D:4

Altars:
Ashenzari
Elyvilon
Fedhas
Gozag
Kikubaaqudgha
Makhleb
Nemelex Xobeh
Qazlal
Ru
Sif Muna
Uskayaw
Xom
Yredelemnul
The Shining One

Annotations:
D:5 Prince Ribbit


Innate Abilities, Weirdness & Mutations

You reflexively headbutt those who attack you in melee.
You have a pair of horns on your head.


Message History

Prince Ribbit completely misses you.
The scorpion stings you but does no damage.
Your shield prevents you from hitting the scorpion.
Your headbutt misses the scorpion.
The scorpion is moderately wounded.
You barely miss Prince Ribbit.
You feel sick. You block Prince Ribbit's attack. The scorpion stings you.
* * * LOW HITPOINT WARNING * * *
You are more poisoned.
The scorpion poisons you! Prince Ribbit barely misses you.
You feel very mighty all of a sudden.
* * * LOW HITPOINT WARNING * * *
You feel sick.
Prince Ribbit hits you but does no damage.
You block the scorpion's attack.
It was a potion of invisibility.
You fade into invisibility!
* * * LOW HITPOINT WARNING * * *
You feel sick. Prince Ribbit hits you!
You die...

#........).............#....
#.......##....#.......#....
##.......##....####+#####...
#........#####+# #.(.
#........##....## ...
#.........#.....# #..
#.........#.....# ..
#.........'.s...#
#.........#@....#
##.......##F....#
#>.......##.....#
#........#...[..#
##...<...#......#
#........#......#
##.......##.....#
##########.....#


You could see Prince Ribbit and a scorpion.

Vanquished Creatures
  Eustachio (D:5)
  An ogre (D:4)
  A scorpion (D:4)
  An orc priest (D:3)
  An orc wizard (D:4)
  A hound skeleton (D:4)
  4 adders
  4 gnolls (D:3)
  An ooze (D:2)
  An adder skeleton (D:5)
  A worm (D:2)
  5 dart slugs
  3 leopard geckos
  7 orcs
  2 giant cockroaches (D:2)
  6 goblins
  5 hobgoblins
  3 jackals (D:2)
  10 kobolds
  2 quokkas (D:2)
  A ball python (D:1)
  4 bats
  6 frilled lizards
  A quokka skeleton (D:4)
  A quokka zombie (D:5)
  7 rats
80 creatures vanquished.

Notes
Turn   | Place    | Note
-------+----------+-------------------------------------------
     0 | D:1      | poirepourri the Minotaur Fighter began the quest for the Orb.
     0 | D:1      | Reached XP level 1. HP: 19/19 MP: 0/0
   198 | D:1      | Reached XP level 2. HP: 26/27 MP: 1/1
  1029 | D:1      | Reached XP level 3. HP: 19/34 MP: 2/2
  1441 | D:2      | Reached skill level 3 in Axes
  2005 | D:2      | Reached skill level 1 in Dodging
  2089 | D:2      | Reached XP level 4. HP: 41/41 MP: 3/3
  2666 | D:3      | Reached skill level 4 in Axes
  2737 | D:3      | Reached XP level 5. HP: 47/47 MP: 4/4
  3819 | D:4      | Reached skill level 5 in Axes
  3821 | D:4      | Found a staircase to the Ecumenical Temple.
  3833 | D:4      | Got a shimmering ring mail
  3838 | Temple   | Entered the Ecumenical Temple
  3959 | Temple   | Became a worshipper of Makhleb the Destroyer
  4144 | D:4      | Reached skill level 5 in Fighting
  4144 | D:4      | Reached XP level 6. HP: 43/56 MP: 5/5
  4269 | D:4      | Reached skill level 6 in Axes
  4269 | D:4      | Reached skill level 5 in Shields
  4582 | D:5      | Entered Level 5 of the Dungeon
  4628 | D:5      | Noticed Prince Ribbit
  4645 | D:5      | Noticed Eustachio
  4664 | D:5      | Killed Eustachio
  4664 | D:5      | Reached XP level 7. HP: 29/61 MP: 6/6
  4875 | D:5      | Slain by Prince Ribbit

Skill      XL: |  1  2  3  4  5  6 |
---------------+-------------------+-----
Fighting       | 4 5 |  5.1
Shields        | 4 5 |  5.8
Axes           | 3 4 5 6 |  6.8
Dodging        | 1 |  1.3
Armour         | |  3.6

Action                   |  1- 3 |  4- 6 |  7- 9 || total
-------------------------+-------+-------+-------++-------
Melee: War axe           |    70 |   139 |    14 ||   223
       Headbutt          |     8 |    34 |     1 ||    43
  Use: Scroll            |     5 |     4 |       ||     9
       Potion            |       |       |     2 ||     2
  Eat: Bread ration      |     1 |       |     1 ||     2
       Royal jelly       |       |     2 |       ||     2
       Fruit             |       |     4 |       ||     4
Armor: Scale mail        |    12 |       |       ||    12
       Chain mail        |    31 |    74 |     5 ||   110
Dodge: Dodged            |    31 |    34 |     6 ||    71
Block: Shield            |    69 |    91 |    17 ||   177
